[Event "Titled Tuesday Blitz May 2 Late 2023"]
[White "Marczuk, Dominik"]
[Black "Yoo, Christopher Woojin"]
[WhiteFideId "1111264"]
[BlackFideId "30909694"]
[WhiteElo "2174"]
[BlackElo "2519"]
[Result "0-1"]
[Round "01"]
[TimeControl "180+2"]
[Date "2023.05.02"]
[WhiteClock "0:00:00"]
[BlackClock "0:00:00"]

1. e4 c5 2. Nf3 e6 3. d4 cxd4 4. Nxd4 Nc6 5. Nxc6 bxc6 6. Bd3 d5 7. O-O Nf6 8. Nc3 Be7 9. Qe2 O-O 10. b3 Nd7 11. Bb2 Nc5 12. f4 Nxd3 13. Qxd3 Qb6+ 14. Kh1 Ba6 15. Na4 Bxd3 16. Nxb6 Bxf1 17. Nxa8 Bxg2+ 18. Kxg2 Rxa8 19. Kf3 Rd8 20. e5 f6 21. Rd1 Kf7 22. Bd4 c5 23. Bf2 fxe5 24. fxe5 g5 25. c4 Kg6 26. cxd5 exd5 27. b4 cxb4 28. Bxa7 Ra8 29. Be3 Rxa2 30. Rxd5 b3 31. Rb5 Rxh2 32. Rxb3 Kf5 33. Rb7 g4+ 34. Kg3 Rh3+ 35. Kf2 Bh4+ 36. Ke2 h5 37. Rb5 Bg3 38. Bd4 Bf4 39. Rb6 Ke4 40. Bg1 Bxe5 41. Rb4+ Kf5 42. Rb5 Ke6 43. Rb6+ Kf7 44. Rb5 Bf6 45. Be3 h4 46. Bf4 Rf3 47. Bg5 h3 48. Bxf6 h2 49. Rh5 Rh3 50. Rf5 h1=Q 51. Bd4+ Ke6 52. Re5+ Kd6 0-1


[Site "https://www.chess.com"]

[Event "Titled Tuesday Blitz May 2 Late 2023"]
[White "Petrovic, Aleksa"]
[Black "Bachmann, Axel"]
[WhiteFideId "967629"]
[BlackFideId "3700488"]
[WhiteElo "2309"]
[BlackElo "2605"]
[Result "1-0"]
[Round "01"]
[TimeControl "180+2"]
[Date "2023.05.02"]
[WhiteClock "0:00:00"]
[BlackClock "0:00:00"]

1. d4 Nf6 2. c4 e6 3. Nf3 Bb4+ 4. Bd2 a5 5. g3 d5 6. Qc2 O-O 7. Bg2 c5 8. cxd5 cxd4 9. dxe6 Bxe6 10. O-O Nc6 11. Na3 Rc8 12. Qd3 Bd5 13. Rfd1 Re8 14. Bxb4 axb4 15. Nb5 Be4 16. Qb3 Bd5 17. Qd3 Be4 18. Qb3 Na5 19. Qxb4 Rc4 20. Qd2 Rc2 21. Qxd4 Qe7 22. Rac1 Rxe2 23. Nd6 Rd8 24. Nf5 1-0


[Site "https://www.chess.com"]

[Event "Titled Tuesday Blitz May 2 Late 2023"]
[White "Zhigalko, Sergei"]
[Black "Gurevich, Dmitry"]
[WhiteFideId "13502956"]
[BlackFideId "2000407"]
[WhiteElo "2626"]
[BlackElo "2506"]
[Result "1-0"]
[Round "01"]
[TimeControl "180+2"]
[Date "2023.05.02"]
[WhiteClock "0:00:00"]
[BlackClock "0:00:00"]

1. e4 c5 2. Nf3 d6 3. d4 cxd4 4. Qxd4 a6 5. Bc4 e6 6. Nc3 Nf6 7. Bf4 Be7 8. O-O-O Nc6 9. Qd3 Qc7 10. Bxd6 Bxd6 11. Qxd6 Qxd6 12. Rxd6 Bd7 13. Rhd1 b5 14. e5 bxc4 15. exf6 O-O-O 16. fxg7 Rhg8 17. Ne4 Rxg7 18. Nf6 Nb8 19. Ne5 Rxg2 20. Nfxd7 Nxd7 21. Nxd7 Kc7 22. Rxa6 Rxf2 23. Ra7+ Kc6 24. a4 Rg8 25. Ne5+ Kb6 26. Rxf7 Rxh2 27. Nxc4+ 1-0


[Site "https://www.chess.com"]

[Event "Titled Tuesday Blitz May 2 Late 2023"]
[White "Olsson, William"]
[Black "Dardha, Daniel"]
[WhiteFideId "1741721"]
[BlackFideId "240990"]
[WhiteElo "2197"]
[BlackElo "2581"]
[Result "0-1"]
[Round "01"]
[TimeControl "180+2"]
[Date "2023.05.02"]
[WhiteClock "0:00:00"]
[BlackClock "0:00:00"]

1. c4 d6 2. Nf3 e5 3. g3 f5 4. Nc3 Nf6 5. d4 e4 6. Nh4 Be7 7. Ng2 Be6 8. e3 O-O 9. Be2 c6 10. Nf4 Bf7 11. h4 Nbd7 12. Bd2 a6 13. a4 d5 14. b3 g6 15. Kf1 h6 16. Kg2 Kg7 17. a5 g5 18. hxg5 hxg5 19. Nh5+ Bxh5 20. Bxh5 g4 21. cxd5 cxd5 22. Ne2 Bd6 23. Rh4 Rh8 24. Qh1 Qe7 25. Nc3 Rh6 26. Bg6 Rxh4 27. Qxh4 Kxg6 28. Rh1 Qe6 29. Qh6+ Kf7 30. Ne2 Rg8 31. b4 Nf8 32. b5 Ng6 33. bxa6 bxa6 34. Rb1 Rh8 35. Rb7+ Be7 36. Qg5 Rh5 37. Qxg6+ Kxg6 38. Nf4+ Kf7 39. Nxe6 Kxe6 40. Rb6+ Bd6 41. Rxa6 Rh8 42. Bb4 Rd8 43. Bc5 Ke7 44. Bb6 Rc8 45. Ra7+ Nd7 46. Rb7 Ke6 47. a6 Nxb6 48. Rxb6 Ra8 49. Kf1 Kd7 50. Kg2 Ra7 51. Rb7+ Rxb7 52. axb7 Kc7 53. Kf1 Kxb7 54. Ke2 Kb6 55. Kd1 Kb5 56. Kd2 Kc4 57. Ke2 Kc3 58. Kd1 Kd3 59. Ke1 Bb4+ 60. Kd1 Ba5 0-1


[Site "https://www.chess.com"]

[Event "Titled Tuesday Blitz May 2 Late 2023"]
[White "Kovalevsky, Stanislav"]
[Black "Kamsky, Gata"]
[WhiteFideId "13508598"]
[BlackFideId "2000024"]
[WhiteElo "2174"]
[BlackElo "2660"]
[Result "0-1"]
[Round "01"]
[TimeControl "180+2"]
[Date "2023.05.02"]
[WhiteClock "0:00:01"]
[BlackClock "0:00:01"]

1. c4 e5 2. Nc3 Nc6 3. g3 Bc5 4. Bg2 a6 5. e3 d6 6. Nge2 Ba7 7. O-O Nge7 8. f4 O-O 9. d4 exd4 10. exd4 Nf5 11. Kh1 Ncxd4 12. Qd3 Nxe2 13. Nxe2 Re8 14. Be4 Bd7 15. Nc3 g6 16. b3 Qf6 17. Bb2 Rxe4 0-1


[Site "https://www.chess.com"]

[Event "Titled Tuesday Blitz May 2 Late 2023"]
[White "Ivic, Velimir"]
[Black "Pesotskiy, Mikhail"]
[WhiteFideId "950122"]
[BlackFideId "34164453"]
[WhiteElo "2563"]
[BlackElo "2131"]
[Result "1-0"]
[Round "01"]
[TimeControl "180+2"]
[Date "2023.05.02"]
[WhiteClock "0:00:00"]
[BlackClock "0:00:00"]

1. e4 e6 2. d4 d5 3. Nc3 Nc6 4. Nf3 Nf6 5. Bd3 Bb4 6. O-O Bxc3 7. exd5 Nxd4 8. bxc3 Nxf3+ 9. Qxf3 Qxd5 10. Qg3 O-O 11. Rd1 Qc5 12. Bg5 Nd5 13. c4 Nb4 14. Bxh7+ Kxh7 15. Qh4+ Kg8 16. Be7 g5 17. Bxf8 gxh4 18. Bxc5 Na6 19. Rd8+ Kh7 20. Bd4 b6 21. Bf6 h3 22. gxh3 Bb7 23. Rad1 Kg6 24. Be5 Nb4 25. Rxa8 Bxa8 26. c3 Bf3 27. Rd2 Na6 28. Rd3 Be4 29. Rg3+ Kf5 30. Bd4 c5 31. Be3 Nb8 32. h4 Nc6 33. h5 Ne5 34. h6 Kf6 35. Bg5+ Kg6 36. Bf4+ Kf5 37. h7 Kxf4 38. h8=Q Nf3+ 39. Rxf3+ Bxf3 40. Qf6+ 1-0


[Site "https://www.chess.com"]

[Event "Titled Tuesday Blitz May 2 Late 2023"]
[White "Pourkashiyan, Atousa"]
[Black "Babazada, Khazar"]
[WhiteFideId "12502014"]
[BlackFideId "13413554"]
[WhiteElo "2228"]
[BlackElo "2351"]
[Result "0-1"]
[Round "01"]
[TimeControl "180+2"]
[Date "2023.05.02"]
[WhiteClock "0:00:00"]
[BlackClock "0:00:00"]

1. e4 c5 2. Nf3 e6 3. d4 cxd4 4. Nxd4 a6 5. Nc3 b5 6. Bd3 Qb6 7. Nf3 Qc7 8. O-O Bb7 9. Re1 Bc5 10. Be3 Ne7 11. Bxc5 Qxc5 12. e5 Ng6 13. Ne4 Bxe4 14. Bxe4 Nc6 15. a4 b4 16. c3 O-O 17. Qxd7 Ncxe5 18. Nxe5 Nxe5 19. Qd4 Rac8 20. Qxb4 Qc7 21. Qd4 Nc4 22. b3 Na5 23. b4 Nb3 24. Qd3 Nxa1 25. Bxh7+ Kh8 26. Qh3 g6 27. Bxg6+ Kg7 28. Qh7+ Kf6 29. Bd3 Rh8 30. Qe4 Nb3 31. h3 Qxc3 32. Qf3+ Ke7 33. Qb7+ Rc7 34. Qe4 Nd2 35. Qe2 Rg8 36. Rd1 Nc4 0-1


[Site "https://www.chess.com"]

[Event "Titled Tuesday Blitz May 2 Late 2023"]
[White "Suvorov, Luca"]
[Black "Mekhitarian, Krikor Sevag"]
[WhiteFideId "12977071"]
[BlackFideId "2107660"]
[WhiteElo "2202"]
[BlackElo "2604"]
[Result "0-1"]
[Round "01"]
[TimeControl "180+2"]
[Date "2023.05.02"]
[WhiteClock "0:00:17"]
[BlackClock "0:00:04"]

1. d4 Nf6 2. c4 g6 3. Nc3 d5 4. cxd5 Nxd5 5. Bd2 Bg7 6. e4 Nb6 7. Be3 O-O 8. h3 Nc6 9. Nf3 f5 10. exf5 Bxf5 11. Be2 e5 12. dxe5 Nxe5 13. O-O Qxd1 14. Rfxd1 Nec4 15. Bxb6 Nxb6 16. Nd4 c6 17. Nxf5 Rxf5 18. a4 a5 19. Ra3 Bf8 20. Rb3 Bb4 21. Na2 Bc5 22. Bf3 Rf7 23. Rc1 Nxa4 24. Rc4 b5 25. Rc2 Re8 26. Rd3 Re1+ 27. Kh2 Rf6 28. b3 Bd6+ 29. Rxd6 Rxd6 30. bxa4 b4 31. Nc1 Ree6 32. Nb3 Re5 33. Bxc6 Rd3 34. Nc5 Rc3 35. Rxc3 bxc3 36. Nd3 Re2 37. Bd5+ Kg7 38. Bb3 c2 39. Nc1 Re1 40. Bxc2 Rxc1 41. Bd3 Kf6 42. Bb5 h6 43. Kg3 Rc3+ 44. Kf4 g5+ 45. Kg4 Rc2 46. Kg3 h5 47. Kf3 h4 48. Bd7 Ke5 49. Bb5 Kf6 50. Bd7 Rc3+ 51. Ke2 Rc4 52. Bb5 Rb4 53. Kf3 Rb3+ 54. Ke2 Ke5 55. Bc6 Kf4 56. Bb5 Ra3 57. Ke1 Ra2 58. Kf1 Rb2 59. Ke1 Ke5 60. Kf1 Kd4 61. Ke1 Kc3 62. g3 Kd4 63. gxh4 gxh4 64. Kf1 Ke4 65. Kg2 Kf4 66. Bc6 Rc2 67. Bb5 Rd2 68. Bc6 Rd4 69. Bb5 Rb4 70. Bc6 Rb3 71. Bb5 Ke5 72. Bd7 Kd4 73. Bc6 Kc5 74. Bd7 Kd6 75. Be8 Rb6 76. Kf3 Ke7 77. Bg6 Rb3+ 78. Kg2 Rb4 79. Bc2 Kf6 80. Bd1 Ke5 81. Kf3 Rd4 82. Be2 Rxa4 83. Ke3 Rb4 84. Bd3 a4 85. Bg6 Rb3+ 86. Ke2 Kf4 87. Bf7 Rb4 88. Kd2 Rb2+ 89. Ke1 a3 90. Bd5 a2 91. Kf1 a1=Q+ 92. Kg2 Qa7 0-1


[Site "https://www.chess.com"]

[Event "Titled Tuesday Blitz May 2 Late 2023"]
[White "Principe, Alexander"]
[Black "Indjic, Aleksandar"]
[WhiteFideId "3804542"]
[BlackFideId "911925"]
[WhiteElo "2203"]
[BlackElo "2614"]
[Result "0-1"]
[Round "01"]
[TimeControl "180+2"]
[Date "2023.05.02"]
[WhiteClock "0:00:00"]
[BlackClock "0:00:00"]

1. e4 e5 2. Nf3 Nc6 3. d4 exd4 4. Nxd4 Nf6 5. Nxc6 bxc6 6. e5 Qe7 7. Qe2 Nd5 8. c4 Ba6 9. b3 g6 10. f4 O-O-O 11. Qf2 Nb6 12. c5 Bxf1 13. cxb6 Ba6 14. bxc7 Qb4+ 15. Nd2 Kxc7 16. Qxa7+ Bb7 17. Qe3 Bc5 18. Qe4 Qc3 19. Rb1 d5 20. Qe2 Ra8 21. a3 Ba6 22. Qf3 Qc2 23. b4 Bd4 24. Qb3 Qf5 25. Nf3 Qe4+ 26. Be3 Bxe3 27. Qxd5 cxd5 28. Nd2 Bxd2+ 29. Kd1 Qe2+ 30. Kc2 Qd3+ 0-1


[Site "https://www.chess.com"]

[Event "Titled Tuesday Blitz May 2 Late 2023"]
[White "Janik, Igor"]
[Black "Flynn, Jacob"]
[WhiteFideId "1159259"]
[BlackFideId "2509393"]
[WhiteElo "2484"]
[BlackElo "2053"]
[Result "1/2-1/2"]
[Round "01"]
[TimeControl "180+2"]
[Date "2023.05.02"]
[WhiteClock "0:00:14"]
[BlackClock "0:00:07"]

1. Nf3 Nf6 2. g3 b6 3. Bg2 Bb7 4. O-O g6 5. c4 Bg7 6. d4 O-O 7. Qc2 d6 8. Nc3 Nbd7 9. e4 e5 10. d5 a5 11. a3 Nc5 12. Be3 Ng4 13. Bg5 f6 14. Bd2 a4 15. h3 Nh6 16. Be3 Qd7 17. Rad1 Nf7 18. Ne1 Ba6 19. Ne2 Nb3 20. Nd3 f5 21. Nb4 Bb7 22. h4 h6 23. Bh3 Nc5 24. h5 Ng5 25. Bxg5 hxg5 26. hxg6 g4 27. Bg2 Nxe4 28. Bxe4 fxe4 29. Qxe4 Qf5 30. Qxf5 Rxf5 31. Nc3 Bf6 32. Kg2 Kg7 33. Rde1 Kxg6 34. Re4 Kg5 35. Rh1 Rh8 36. Rxh8 Bxh8 37. Nd1 Bc8 38. Nc3 Bd7 39. Nc6 Bxc6 40. dxc6 Rf3 41. Nd5 Rf7 42. Ne3 Bf6 43. Rxg4+ Kh5 44. Rg8 e4 45. Ra8 Bxb2 46. Rxa4 Bd4 47. Ra8 Bxe3 48. fxe3 Kg4 49. Re8 Kf5 50. Kf2 Rh7 51. Kg2 Rg7 52. a4 Rf7 53. Kg1 Rg7 54. Kf2 Rf7 55. Kg2 Rg7 56. Kh3 Rh7+ 57. Kg2 Rg7 58. Rh8 Ke6 59. Rh4 d5 60. Rh6+ Ke5 61. Rh5+ Kd6 62. cxd5 Rg8 63. Rf5 Ra8 64. g4 Rxa4 65. g5 Ra8 66. Rf7 Rg8 67. Rd7+ Kc5 68. Rxc7 Rxg5+ 69. Kf2 Kxd5 70. Rc8 Kd6 71. Ke2 Rc5 72. Re8 Rxc6 73. Rxe4 b5 74. Kd3 Rb6 75. Rb4 Kc5 76. Kc3 Rb8 77. Rh4 b4+ 78. Kb3 Rb7 79. Rh5+ Kd6 80. e4 Ke6 81. Ra5 Kd6 82. Rd5+ Ke6 83. Ra5 Rb8 84. Rc5 Rb7 85. Rc4 Ke5 86. Rxb4 Rxb4+ 87. Kxb4 Kxe4 1/2-1/2


[Site "https://www.chess.com"]

[Event "Titled Tuesday Blitz May 2 Late 2023"]
[White "Bochnicka, Vladimir"]
[Black "Rodshtein, Maxim"]
[WhiteFideId "14943450"]
[BlackFideId "2806851"]
[WhiteElo "2094"]
[BlackElo "2555"]
[Result "0-1"]
[Round "01"]
[TimeControl "180+2"]
[Date "2023.05.02"]
[WhiteClock "0:00:00"]
[BlackClock "0:00:00"]

1. e4 g6 2. d4 Bg7 3. Be3 d6 4. Nc3 a6 5. Qd2 b5 6. a3 Bb7 7. h3 Nd7 8. Nge2 Ngf6 9. Ng3 h5 10. Bd3 c5 11. d5 h4 12. Nf1 Qc7 13. f4 c4 14. Be2 Nc5 15. Bf3 O-O-O 16. Nh2 e6 17. O-O exd5 18. exd5 Nh5 19. Bd4 Bxd4+ 20. Qxd4 Ng3 21. Rfe1 Kb8 22. Nf1 Nf5 23. Qd2 Rde8 24. Ne3 Ng3 25. a4 b4 26. Ne2 c3 27. bxc3 Nce4 28. Qd4 Nxe2+ 29. Bxe2 Qxc3 30. Qxc3 Nxc3 31. Bd3 Kc7 32. Bc4 Re7 33. Kf2 Rhe8 34. Bb3 Kb6 35. Nc4+ Kc5 36. Rxe7 Rxe7 37. Ne3 Nxd5 38. Nxd5 Bxd5 39. Rd1 Bxb3 40. cxb3 d5 41. Kf3 f5 42. Rc1+ Kd4 43. Rc6 Re3+ 44. Kf2 Rxb3 45. Rxa6 Rb2+ 46. Kf3 Rb3+ 47. Kf2 Ra3 48. a5 b3 49. Rxg6 b2 50. Rb6 Kc3 51. a6 Ra1 52. Rc6+ Kd3 53. Rb6 b1=Q 0-1


[Site "https://www.chess.com"]

[Event "Titled Tuesday Blitz May 2 Late 2023"]
[White "Kuznetsov, Felix"]
[Black "Martin Barcelo, Carles"]
[WhiteFideId "34147990"]
[BlackFideId "24561444"]
[WhiteElo "2265"]
[BlackElo "2089"]
[Result "1/2-1/2"]
[Round "01"]
[TimeControl "180+2"]
[Date "2023.05.02"]
[WhiteClock "0:00:00"]
[BlackClock "0:00:00"]

1. e4 c6 2. d4 d5 3. exd5 cxd5 4. Bf4 g6 5. Nd2 Bg7 6. c3 Nc6 7. Bd3 Nf6 8. Ngf3 Bf5 9. Bxf5 gxf5 10. O-O O-O 11. Ne5 e6 12. Bg5 Qd6 13. Bxf6 Bxf6 14. f4 Ne7 15. Qh5 Ng6 16. Rf3 Bxe5 17. fxe5 Qe7 18. Re1 f6 19. Rg3 fxe5 20. Rxe5 Rae8 21. Nf3 f4 22. Rxg6+ hxg6 23. Qxg6+ Qg7 24. Qh5 Qh7 25. Qg4+ Qg7 26. Rg5 Rf7 27. Ne5 Qxg5 28. Qxg5+ Rg7 29. Qxf4 Rf8 30. Qh4 a6 31. h3 a5 32. Qh6 Re8 33. Ng4 Ree7 34. Nf6+ Kf7 35. g4 Rg6 36. Qh5 Kxf6 37. Kg2 e5 38. Qh8+ Rgg7 39. dxe5+ Rxe5 40. Kf3 Kg6 41. h4 Rf7+ 42. Kg2 Re2+ 43. Kg3 Re3+ 44. Kg2 Re2+ 45. Kg3 Re3+ 46. Kg2 Re2+ 1/2-1/2


[Site "https://www.chess.com"]

[Event "Titled Tuesday Blitz May 2 Late 2023"]
[White "Przybylski, Wojciech"]
[Black "Livaic, Leon"]
[WhiteFideId "1117599"]
[BlackFideId "14531534"]
[WhiteElo "2222"]
[BlackElo "2509"]
[Result "0-1"]
[Round "01"]
[TimeControl "180+2"]
[Date "2023.05.02"]
[WhiteClock "0:00:00"]
[BlackClock "0:00:00"]

1. e4 c5 2. Nf3 e6 3. b3 b6 4. Bb2 Bb7 5. Qe2 d6 6. d4 cxd4 7. Nxd4 Nf6 8. Nd2 Be7 9. O-O-O a6 10. g4 Qc7 11. Bg2 Nc6 12. Kb1 Nxd4 13. Bxd4 e5 14. Bb2 b5 15. g5 Nd7 16. h4 Nc5 17. Nf1 Ne6 18. Qd2 Nf4 19. Bf3 O-O-O 20. Ne3 Kb8 21. Bc3 Rc8 22. Ba5 Qc6 23. Nf5 Bd8 24. Bxd8 Rcxd8 25. Nxg7 d5 26. h5 dxe4 27. Qxd8+ Rxd8 28. Rxd8+ Ka7 29. Bg4 e3 30. Rhd1 exf2 31. Rf1 Qg2 32. Rxf2 Qxf2 33. Rd7 Qg1+ 34. Kb2 Qxg4 35. Rxf7 Qxg5 0-1


[Site "https://www.chess.com"]

[Event "Titled Tuesday Blitz May 2 Late 2023"]
[White "Perez Ponsa, Federico"]
[Black "Haszon, David"]
[WhiteFideId "117927"]
[BlackFideId "733610"]
[WhiteElo "2590"]
[BlackElo "2210"]
[Result "1-0"]
[Round "01"]
[TimeControl "180+2"]
[Date "2023.05.02"]
[WhiteClock "0:00:00"]
[BlackClock "0:00:00"]

1. e4 c5 2. Nf3 e6 3. g3 g6 4. d4 Bg7 5. dxc5 Na6 6. Na3 Nxc5 7. e5 f6 8. Be3 b6 9. Nc4 Nb7 10. Bg2 b5 11. exf6 Nxf6 12. Nce5 O-O 13. O-O d5 14. Bd4 Nd6 15. c3 Nf5 16. Re1 a5 17. a4 bxa4 18. Qxa4 Ne4 19. Nc6 Qe8 20. Bxg7 Kxg7 21. Ncd4 Bd7 22. Qa3 Nxd4 23. cxd4 Qf7 24. Re2 Bb5 25. Rc2 Rfc8 26. Rac1 Rxc2 27. Rxc2 Qf8 28. Qe3 Rc8 29. Rxc8 Qxc8 30. Ne5 Qc2 31. h4 Qd2 32. Bxe4 Qxe3 33. fxe3 dxe4 34. Kf2 Kf6 35. g4 h5 36. g5+ Kf5 37. Kg3 Be2 38. Nc6 e5 39. d5 1-0


[Site "https://www.chess.com"]

[Event "Titled Tuesday Blitz May 2 Late 2023"]
[White "Jimenez Almeida, Luis David"]
[Black "Kosakowski, Jakub"]
[WhiteFideId "22242244"]
[BlackFideId "1185080"]
[WhiteElo "2245"]
[BlackElo "2488"]
[Result "0-1"]
[Round "01"]
[TimeControl "180+2"]
[Date "2023.05.02"]
[WhiteClock "0:00:00"]
[BlackClock "0:00:00"]

1. e4 c5 2. Nc3 e6 3. g3 Nc6 4. Bg2 g6 5. Nge2 Bg7 6. d3 Nge7 7. Be3 Nd4 8. Qd2 d6 9. O-O O-O 10. a4 Rb8 11. Nc1 Bd7 12. Nd1 a6 13. c3 Ndc6 14. Bh6 b5 15. axb5 axb5 16. Bxg7 Kxg7 17. Ne2 b4 18. Ne3 Qc7 19. d4 bxc3 20. bxc3 Na5 21. Rab1 Bb5 22. Ng4 Ng8 23. Rfe1 h5 24. Ne3 Nf6 25. h3 Nc4 26. Nxc4 Bxc4 27. Nf4 Rfd8 28. Qe3 cxd4 29. cxd4 e5 30. Nd5 Bxd5 31. exd5 Rxb1 32. Rxb1 e4 33. g4 hxg4 34. hxg4 Re8 35. Rc1 Qd7 36. Qg5 Nxg4 37. Bh3 f5 38. Bxg4 fxg4 39. Kg2 Rh8 40. Rh1 Rxh1 41. Kxh1 Qf7 42. Qxg4 Qxd5 43. Qd7+ Kf6 44. Qd8+ Kf5 45. Qf8+ Kg4 46. Kg1 Qxd4 47. Qc8+ Kg5 48. Qd8+ Qf6 49. Qd7 Qe5 50. Qd8+ Kh5 51. Qf8 d5 52. Qg8 d4 53. Qh7+ Kg5 54. Qg8 d3 55. Kf1 Qd6 56. Qb3 Qc5 57. Qd1 Qc2 58. Qe1 Qe2+ 59. Qxe2 dxe2+ 60. Kxe2 Kf4 61. Kf1 Kf3 62. Kg1 e3 63. fxe3 Kxe3 64. Kg2 Kf4 65. Kh3 g5 66. Kg2 Kg4 67. Kh2 Kf3 68. Kg1 Kg3 69. Kh1 Kf2 70. Kh2 g4 71. Kh1 Kg3 72. Kg1 Kh3 73. Kh1 g3 74. Kg1 g2 75. Kf2 Kh2 76. Kf3 g1=Q 0-1


[Site "https://www.chess.com"]

[Event "Titled Tuesday Blitz May 2 Late 2023"]
[White "Grigorov, Grigor"]
[Black "Seletsky, Grigory"]
[WhiteFideId "2907313"]
[BlackFideId "14112191"]
[WhiteElo "2510"]
[BlackElo "2490"]
[Result "1-0"]
[Round "01"]
[TimeControl "180+2"]
[Date "2023.05.02"]
[WhiteClock "0:00:00"]
[BlackClock "0:00:00"]

1. d4 c5 2. d5 e6 3. Nc3 exd5 4. Nxd5 d6 5. e4 Nc6 6. Nf3 h6 7. Bf4 Nf6 8. Bc4 Nxd5 9. Bxd5 Be7 10. O-O O-O 11. c3 Bg4 12. Qd3 Bxf3 13. Qxf3 Ne5 14. Qg3 Bh4 15. Qh3 Bg5 16. Bg3 Bf6 17. Rad1 Qb6 18. f4 Ng6 19. Rd2 Rad8 20. Bc4 Qc6 21. Bd5 Qd7 22. Qh5 Kh7 23. Rfd1 Qe7 24. Qf5 Kh8 25. Bf2 b6 26. g3 Qe8 27. Qh5 Ne7 28. Bb3 Ng6 29. Bc2 Qe7 30. Qf5 Rfe8 31. h4 Nf8 32. h5 Qe6 33. Qxe6 Rxe6 34. e5 Be7 35. Bf5 g6 36. Bxe6 Nxe6 37. hxg6 fxg6 38. exd6 Bf6 39. Re2 Nf8 40. b4 cxb4 41. cxb4 Kg7 42. b5 Rd7 43. Rc2 Kf7 44. Rc7 h5 45. Rxd7+ Nxd7 46. Bd4 Bd8 47. Re1 Bf6 48. Bxf6 Kxf6 49. Re7 Nf8 50. Rxa7 Ke6 51. Rb7 Nd7 52. a4 Kxd6 53. Kg2 Ke6 54. Rc7 Kd6 55. Rc6+ Kd5 56. Rxg6 Nc5 57. Rxb6 Nxa4 58. Rh6 Nc3 59. Rxh5+ Kd6 60. Kf3 Na4 61. Re5 Nb6 62. g4 Nc4 63. Ke4 Nd2+ 64. Kd3 Nb3 65. g5 Na5 66. g6 Nb7 67. g7 1-0


[Site "https://www.chess.com"]

[Event "Titled Tuesday Blitz May 2 Late 2023"]
[White "Foerster-Yialamas, Lucas"]
[Black "Djordjevic, Vuk"]
[WhiteFideId "30901774"]
[BlackFideId "902098"]
[WhiteElo "2067"]
[BlackElo "2452"]
[Result "0-1"]
[Round "01"]
[TimeControl "180+2"]
[Date "2023.05.02"]
[WhiteClock "0:00:09"]
[BlackClock "0:00:12"]

1. e4 d5 2. exd5 Qxd5 3. Nc3 Qd6 4. d4 Nf6 5. Nf3 c6 6. Ne5 Nbd7 7. Bf4 Nd5 8. Nxd5 Qxd5 9. Bc4 Qe4+ 10. Qe2 Qxf4 11. Nxf7 Rg8 12. g3 Qc7 13. Ng5 Qa5+ 14. b4 Qxg5 15. Bxg8 Nf6 16. Be6 Bxe6 17. Qxe6 Qd5 18. Qxd5 cxd5 19. O-O Rc8 20. Rfe1 Rxc2 21. Re3 Rc4 22. Ra3 Rxd4 23. Rxa7 Rxb4 24. Rc1 g5 25. Rc7 b6 26. a3 Rb1+ 27. Kg2 Rb2 28. Rcb7 Ne4 29. a4 Rxf2+ 30. Kg1 d4 31. Rxb6 d3 32. Rb8+ Kf7 33. Rd7 d2 34. a5 Nd6 35. Rb1 Re2 36. Kf1 Rxh2 37. Rd1 Ne4 38. a6 Nc5 39. a7 Nxd7 40. a8=Q Nf6 41. Qf3 g4 42. Qb3+ Kg7 43. Qb2 Rh3 44. Qxd2 Rxg3 45. Qg5+ Kf7 46. Qe5 Rf3+ 47. Kg2 Rh3 48. Qf5 Rh5 49. Qf4 Bh6 50. Qc4+ Kg7 51. Rf1 Kf8 52. Qc8+ Kf7 53. Qc4+ Kf8 54. Qc8+ Kg7 55. Re1 Kf7 56. Qb7 Bf8 57. Qb3+ Kg7 58. Qd3 Rg5 59. Re6 h6 60. Qe3 Nh5 61. Rxe7+ Bxe7 62. Qxe7+ Kg6 63. Qe6+ Nf6 64. Qa6 h5 65. Qd3+ Kg7 66. Qa6 Rd5 67. Qb7+ Kg6 68. Qc6 h4 69. Qa8 Rd2+ 70. Kf1 h3 71. Qa4 Rd5 72. Qc2+ Kg5 73. Qc1+ Kg6 74. Qc2+ Rf5+ 75. Kg1 Nd5 76. Kh2 Kg5 77. Qc8 Ne3 78. Qg8+ Kf4 79. Qb8+ Kf3 80. Qb7+ Rd5 81. Qf7+ Ke4 82. Qe6+ Kd3 83. Qg6+ Rf5 84. Qd6+ Ke2 85. Qa6+ Kf2 86. Qa2+ Kf3 87. Qa8+ Rd5 88. Qf8+ Nf5 89. Qa8 Ke4 90. Qa4+ Rd4 91. Qc2+ Kf4 92. Qc1+ Ke5 93. Qc5+ Kf6 94. Qf8+ Kg5 95. Qg8+ Kf4 96. Qb8+ Rd6 97. Qb4+ Kg5 98. Qc3 Re6 99. Qc1+ Kg6 100. Qc2 Kf6 101. Qc3+ Re5 102. Qc6+ Kg5 103. Qc1+ Ne3 104. Qd2 Kh5 105. Qd8 Re6 106. Qh8+ Kg5 107. Qg7+ Kf4 108. Qf7+ Ke5 109. Qc7+ Kf5 110. Qc5+ Kf4 111. Qd4+ Re4 112. Qf6+ Nf5 113. Qb2 Re3 114. Qb4+ Kg5 115. Qb8 Re2+ 116. Kg1 h2+ 117. Kf1 h1=Q+ 118. Kxe2 Qf3+ 119. Ke1 Qe4+ 120. Kf1 Qf4+ 121. Qxf4+ Kxf4 122. Kg2 Ng7 123. Kg1 g3 124. Kg2 Kg4 125. Kh1 Kf3 126. Kg1 g2 127. Kh2 Kf2 128. Kh3 g1=Q 129. Kh4 Kf3 130. Kh3 Qh1# 0-1


[Site "https://www.chess.com"]

[Event "Titled Tuesday Blitz May 2 Late 2023"]
[White "Holt, Conrad"]
[Black "Baltic, Fatih"]
[WhiteFideId "2034387"]
[BlackFideId "12979090"]
[WhiteElo "2592"]
[BlackElo "2200"]
[Result "1-0"]
[Round "01"]
[TimeControl "180+2"]
[Date "2023.05.02"]
[WhiteClock "0:00:00"]
[BlackClock "0:00:00"]

1. d4 Nf6 2. c4 Nc6 3. Nf3 e6 4. a3 g6 5. Nc3 Bg7 6. e4 d6 7. Be2 O-O 8. O-O Nd7 9. Bg5 Bf6 10. Bh6 Bg7 11. Bxg7 Kxg7 12. Qd2 h6 13. d5 Nce5 14. Nxe5 Nxe5 15. f4 Nd7 16. dxe6 fxe6 17. e5 dxe5 18. fxe5 Nxe5 19. Qe3 Qg5 20. Qxg5 hxg5 21. Ne4 Bd7 22. Nxg5 Rxf1+ 23. Rxf1 Rf8 24. Re1 Rf4 25. Bf1 Nxc4 26. g3 Rd4 27. Nf3 Rg4 28. Bh3 e5 29. Bxg4 Bxg4 30. Nxe5 Nxe5 31. Rxe5 Kf6 32. Rc5 c6 33. Kf2 Be6 34. h4 Bd5 35. g4 Ke5 36. Kg3 b6 37. Rc3 b5 38. Re3+ Kf6 39. Kf4 a5 40. b4 axb4 41. axb4 Bc4 42. g5+ Kf7 43. Ke5 Bd5 44. Re1 Ke7 45. Ra1 Kf7 46. Ra7+ Kg8 47. Kf6 Be4 48. Rg7+ Kh8 49. Rc7 Bd5 50. Kxg6 Be4+ 51. Kf6 Bd5 52. g6 c5 53. Rc8+ Bg8 54. g7+ Kh7 55. Rxc5 Kh6 56. Rc8 Kh7 57. Rb8 Bc4 58. Rh8# 1-0


[Site "https://www.chess.com"]

[Event "Titled Tuesday Blitz May 2 Late 2023"]
[White "Miszler, Levente"]
[Black "Flores, Diego"]
[WhiteFideId "763276"]
[BlackFideId "108049"]
[WhiteElo "2176"]
[BlackElo "2613"]
[Result "0-1"]
[Round "01"]
[TimeControl "180+2"]
[Date "2023.05.02"]
[WhiteClock "0:00:00"]
[BlackClock "0:00:00"]

1. d4 Nf6 2. Nc3 d5 3. Bf4 c5 4. e3 cxd4 5. exd4 a6 6. Be2 Nc6 7. Nf3 Bf5 8. h3 e6 9. g4 Bg6 10. h4 h5 11. Bg5 hxg4 12. Ne5 Bf5 13. Bxg4 Nxe5 14. dxe5 Bxg4 15. exf6 Bxd1 16. fxg7 Bxg7 17. Bxd8 Bxc2 18. Rc1 Bg6 19. Ba5 Rc8 20. Ke2 Rc5 21. Bb4 Rc4 22. Ba5 Kd7 23. Rhd1 Rhxh4 24. Nxd5 exd5 25. Rxd5+ Ke6 26. Rcd1 Rhd4 0-1


[Site "https://www.chess.com"]

[Event "Titled Tuesday Blitz May 2 Late 2023"]
[White "Sieciechowicz, Marcin"]
[Black "Gutkin, Ilya"]
[WhiteFideId "1130170"]
[BlackFideId "16203470"]
[WhiteElo "2302"]
[BlackElo "2265"]
[Result "1-0"]
[Round "01"]
[TimeControl "180+2"]
[Date "2023.05.02"]
[WhiteClock "0:00:00"]
[BlackClock "0:00:00"]

1. d4 e6 2. Bf4 c5 3. c3 d5 4. e3 Bd6 5. Bg3 Nc6 6. Nd2 Qe7 7. Ngf3 Bxg3 8. hxg3 e5 9. Bb5 e4 10. Ne5 Bd7 11. Nxd7 Qxd7 12. dxc5 Nf6 13. Nb3 O-O 14. Nd4 Rfc8 15. Qa4 a6 16. Bxc6 bxc6 17. Qa5 Qb7 18. b4 Nd7 19. Nf5 Rcb8 20. Nd6 Qa7 21. f4 exf3 22. gxf3 Ne5 23. Ke2 Qe7 24. Rad1 Qf6 25. f4 Ng4 26. Kf3 Qe6 27. Rd3 f5 28. Qc7 a5 29. b5 cxb5 30. Rh5 g6 31. Qxh7+ Kf8 32. Rg5 Qg8 33. Qxg8+ Kxg8 34. Rxg6+ Kh7 35. Rg5 Nh6 36. Rd1 b4 37. Rh1 Rg8 38. cxb4 axb4 39. Nxf5 1-0


[Site "https://www.chess.com"]